 Dungeon Crawl Stone Soup version 0.19.5 (webtiles) character file.

813 Rrauwl the Chopper (level 7, -1/60 HPs)
             Began as a Hill Orc Fighter on Mar 6, 2017.
             Slain by Prince Ribbit (11 damage)
             ... on level 5 of the Dungeon.
             The game lasted 00:18:57 (3702 turns).

Rrauwl the Chopper (Hill Orc Fighter)               Turns: 3702, Time: 00:18:58

Health: -1/60      AC: 10    Str: 19    XL:     7   Next: 93%
Magic:  8/8        EV:  8    Int: 10    God:
Gold:   146        SH:  9    Dex: 10    Spells: 0 memorised, 8 levels left

rFire  + . .     SeeInvis .     a - +0 war axe
rCold  . . .     Gourm    .     b - +0 scale mail
rNeg   . . .     Faith    .     c - +0 shield
rPois  .         Spirit   .     e - +0 helmet
rElec  .         Reflect  .     p - +1 cloak
rCorr  .         Harm     .     (no gloves)
MR     .....                    (no boots)
Stlth  +.........               (no amulet)
                                i - ring of protection from fire
                                n - ring of stealth

@: no status effects
A: no striking features
a: no special abilities


You were on level 5 of the Dungeon.
You were not hungry.

You visited 1 branch of the dungeon, and saw 5 of its levels.

You collected 146 gold pieces.

Inventory:

Hand Weapons
 a - a +0 war axe (weapon)
 t - the +4 dagger of Yseseul {vamp, rF+ Dex+2}
   (You found it on level 5 of the Dungeon)

   It inflicts no extra harm, but heals its wielder when it wounds a living foe.
   It affects your dexterity (+2).
   It protects you from fire.
Missiles
 k - 4 tomahawks (quivered)
Armour
 b - a +0 scale mail (worn)
 c - a +0 shield (worn)
 e - a +0 helmet (worn)
 p - a +1 cloak (worn)
Jewellery
 i - a ring of protection from fire (right hand)
 n - a ring of stealth (left hand)
Wands
 q - a wand of paralysis (12/24)
Scrolls
 j - 6 scrolls of identify
 o - 2 scrolls of remove curse
 r - a scroll of teleportation
 s - 4 scrolls of enchant armour
Potions
 h - a potion of resistance
Comestibles
 d - 2 chunks of flesh
 f - 4 bread rations
 g - a meat ration


   Skills:
 + Level 4.4 Fighting
 + Level 5.9 Axes
 - Level 1.1 Throwing
 + Level 5.0 Armour
 + Level 2.9 Dodging
 - Level 1.0 Stealth
 - Level 5.0 Shields
 - Level 1.0 Spellcasting
 + Level 1.7 Evocations


You had 8 spell levels left.
You didn't know any spells.

Dungeon Overview and Level Annotations

Branches:
Dungeon (5/15)
 Temple: D:4-7

Altars:
Cheibriados
Makhleb
Qazlal

Annotations:
D:5 Prince Ribbit


Message History

Prince Ribbit hits you. Prince Ribbit closely misses you.
You hit Prince Ribbit.
Prince Ribbit is heavily wounded.
You block Prince Ribbit's attack.
You miss Prince Ribbit.
Prince Ribbit is heavily wounded.
Prince Ribbit hits you!
Prince Ribbit hits you but does no damage.
You miss Prince Ribbit.
Prince Ribbit is heavily wounded.
Prince Ribbit barely misses you. Prince Ribbit hits you!
You closely miss Prince Ribbit.
Prince Ribbit is heavily wounded.
Prince Ribbit hits you!
* * * LOW HITPOINT WARNING * * *
You block Prince Ribbit's attack.
You closely miss Prince Ribbit.
Prince Ribbit is heavily wounded.
Prince Ribbit hits you!
You die...

##..## #.... ...#. #...#
##.... #... ....# #..###
#..# ##....# ##..# #..##
#.....# #..##
#...###.....###..# ......
#..##......##...# ........##
#..F.......##...#
.........##
##.@.......##..##
..........## #.........#...#
#.........####............#
#..............###........##
#.............##
####......## #.............#
#.......## ##...........##
#........## ###......###...#
#....#.>... .......#####..##
#....##....


You could see Prince Ribbit.

Vanquished Creatures
  Sigmund (D:3)
  Menkaure (D:5)
  A phantom (D:4)
  A bullfrog (D:3)
  A crimson imp (D:5)
  A bullfrog skeleton (D:4)
  2 iguanas (D:4)
  Natasha (thrice) (D:3)
  A worker ant (D:3)
  Robin (D:3)
  4 adders
  An ooze (D:1)
  An adder zombie (D:5)
  2 worms
  2 dart slugs
  5 leopard geckos
  14 orcs
  2 ball pythons
  7 giant cockroaches
  14 goblins
  9 hobgoblins
  8 jackals
  10 kobolds
  A quokka (D:4)
  3 bats
  5 frilled lizards
  8 rats
109 creatures vanquished.

Notes
Turn   | Place    | Note
-------+----------+-------------------------------------------
     0 | D:1      | Rrauwl the Hill Orc Fighter began the quest for the Orb.
     0 | D:1      | Reached XP level 1. HP: 19/19 MP: 1/1
   102 | D:1      | Reached XP level 2. HP: 27/27 MP: 2/2
   294 | D:1      | Reached XP level 3. HP: 33/33 MP: 3/3
   753 | D:2      | Found a burning altar of Makhleb.
  1411 | D:3      | Noticed Robin
  1426 | D:3      | Noticed Sigmund
  1432 | D:3      | Reached skill level 1 in Dodging
  1433 | D:3      | Reached XP level 4. HP: 29/40 MP: 4/4
  1437 | D:3      | Killed Sigmund
  1437 | D:3      | Reached XP level 5. HP: 34/46 MP: 5/5
  1440 | D:3      | Killed Robin
  1444 | D:3      | Reached XP level 6. HP: 34/52 MP: 6/6
  1625 | D:3      | Found a stormy altar of Qazlal.
  1630 | D:3      | Noticed a water elemental
  1630 | D:3      | Noticed a fire elemental
  1630 | D:3      | Noticed an air elemental
  1759 | D:3      | Noticed Natasha
  1763 | D:3      | Killed Natasha
  1908 | D:3      | Noticed Natasha
  1914 | D:3      | Killed Natasha
  1922 | D:3      | Noticed Natasha
  1926 | D:3      | Killed Natasha
  1991 | D:3      | Reached skill level 5 in Axes
  2198 | D:3      | Reached skill level 1 in Evocations
  2604 | D:3      | Reached XP level 7. HP: 59/59 MP: 7/7
  2842 | D:4      | Reached skill level 5 in Shields
  2954 | D:4      | Found a snail-covered altar of Cheibriados.
  3350 | D:5      | Entered Level 5 of the Dungeon
  3374 | D:5      | Got a crystal dagger
  3408 | D:5      | Identified the +4 dagger of Yseseul {vamp, rF+ Dex+2} (You found it on level 5 of the Dungeon)
  3465 | D:5      | Noticed Menkaure
  3478 | D:5      | Killed Menkaure
  3478 | D:5      | Reached skill level 1 in Throwing
  3478 | D:5      | Reached skill level 5 in Armour
  3478 | D:5      | Reached skill level 1 in Stealth
  3478 | D:5      | Reached skill level 1 in Spellcasting
  3685 | D:5      | Noticed Prince Ribbit
  3702 | D:5      | Slain by Prince Ribbit

Skill      XL: |  1  2  3  4  5  6  7 |
---------------+----------------------+-----
Axes           | 3 4 5 |  5.9
Fighting       | 4 |  4.4
Dodging        | 1 2 |  2.9
Armour         | 4 5 |  5.0
Shields        | 4 5 |  5.0
Evocations     | 1 |  1.7
Throwing       | 1 |  1.1
Stealth        | 1 |  1.0
Spellcasting   | 1 |  1.0

Action                   |  1- 3 |  4- 6 |  7- 9 || total
-------------------------+-------+-------+-------++-------
Melee: War axe           |   115 |   139 |   143 ||   397
Evoke: Wand              |     1 |     1 |       ||     2
  Use: Potion            |     6 |     2 |     1 ||     9
       Scroll            |     6 |       |     3 ||     9
 Stab: Paralysed         |       |     2 |       ||     2
  Eat: Chunk             |     2 |     4 |     3 ||     9
       Fruit             |       |       |     2 ||     2
       Bread ration      |       |       |     1 ||     1
       Beef jerky        |       |       |     1 ||     1
Armor: Scale mail        |    47 |    53 |    46 ||   146
Dodge: Dodged            |    32 |    41 |    38 ||   111
Block: Shield            |    50 |    71 |    53 ||   174
